 Dungeon Crawl Stone Soup version 0.32-a0-41-gec2d92a (webtiles) character file.

Game seed: 1311563847483269076

701 Cunctator the Cudgeller (level 7, 0/60 HPs)
             Began as a Gnoll Cinder Acolyte on Jan 25, 2024.
             Was a High Priest of Ignis.
             Slain by an ogre
             ... wielding a +0 giant club
              (29 damage)
             ... on level 5 of the Dungeon.
             The game lasted 00:18:39 (3895 turns).

Cunctator the Cudgeller (Gnoll Cinder Acolyte)      Turns: 3895, Time: 00:18:43

Health: 0/60       AC:  3    Str: 14    XL:     7   Next: 66%
Magic:  11/13      EV: 12    Int: 15    God:    Ignis [*****.]
Gold:   151        SH:  0    Dex:  7    Spells: 12/14 levels left

rFire   + . .        a - -1 mace (flame)
rCold   . . .        (no shield)
rNeg    . . .        b - +0 robe
rPois   .            (no helmet)
rElec   .            (no cloak)
rCorr   .            (no gloves)
SInv    .            e - +0 pair of boots
Will    .....        (no amulet)
Stlth   ++           (no ring)
HPRegen 0.30/turn    (no ring)
MPRegen 0.13/turn

%: no passive effects
@: no status effects
A: fangs 1, strong nose, distributed training
a: Renounce Religion, Fiery Armour, Foxfire Swarm, Rising Flame


You were on level 5 of the Dungeon.
You worshipped Ignis.
Ignis was extremely pleased with you.
You visited 1 branch of the dungeon, and saw 5 of its levels.

You collected 175 gold pieces.
You spent 24 gold pieces at shops.

Inventory:

Hand Weapons
 a - a -1 mace of flaming (weapon)
Missiles
 f - 23 stones
 n - 6 poisoned darts
Armour
 b - a +0 robe (worn)
 e - a +0 pair of boots (worn)
 l - a scarf of harm
 s - a +0 leather armour
Jewellery
 m - an amulet of guardian spirit
Wands
 g - a wand of flame (14)
Scrolls
 h - a scroll of brand weapon {unknown}
 i - 4 scrolls of identify
 k - a scroll of teleportation {unknown}
 r - a scroll of vulnerability {unknown}
Potions
 c - a potion of haste {unknown}
 d - a potion of enlightenment {unknown}
 j - 2 potions of curing {unknown}
 o - a potion of might {unknown}
 p - a potion of heal wounds {unknown}
 q - a potion of ambrosia {unknown}


   Skills:
 + Level 7.1 Fighting
 + Level 2.7 Short Blades
 + Level 2.7 Long Blades
 + Level 2.7 Axes
 + Level 7.1 Maces & Flails
 + Level 2.7 Polearms
 + Level 2.7 Staves
 + Level 2.7 Ranged Weapons
 + Level 2.7 Throwing
 + Level 2.7 Armour
 + Level 2.7 Dodging
 + Level 2.7 Stealth
 + Level 2.7 Shields
 + Level 2.7 Unarmed Combat
 + Level 4.0 Spellcasting
 + Level 2.2 Conjurations
 + Level 2.2 Hexes
 + Level 2.2 Summonings
 + Level 2.2 Necromancy
 + Level 2.2 Translocations
 + Level 5.9 Fire Magic
 + Level 2.2 Ice Magic
 + Level 2.2 Air Magic
 + Level 2.2 Earth Magic
 + Level 2.2 Alchemy
 + Level 3.0 Invocations
 + Level 2.7 Evocations
 + Level 2.4 Shapeshifting


You had 12 spell levels left.
You knew the following spells:

 Your Spells              Type           Power      Damage    Failure   Level
a - Scorch                Fire           40%        2d6       2%          2

Your spell library contained the following spells:

 Spells                   Type           Power      Damage    Failure   Level
 Slow                     Hex            36%        N/A       8%          1
 Confusing Touch          Hex            9%         N/A       22%         3
 Sigil of Binding         Hex            9%         N/A       22%         3
 Vampiric Draining        Necr           9%         2d6       22%         3


Dungeon Overview and Level Annotations

Branches:
Dungeon (5/15)             Temple (0/1) D:4

Altars:
Hepliaklqana
Kikubaaqudgha
Zin

Shops:
D:3 *

Annotations:
D:4 Pikel


Innate Abilities, Weirdness & Mutations

You have very sharp teeth.
Your uncanny sense of smell can sniff out nearby items.
Your experience applies equally to all skills.


Message History

Confirm with . or Enter, or press ? or * to list all spells.
Flames lash the scorpion.
The scorpion is moderately wounded.
The scorpion stings you! The scorpion stings you.
Casting: Scorch (safe; 2% risk of failure)
Confirm with . or Enter, or press ? or * to list all spells.
Flames lash the scorpion.
The scorpion is burned terribly!
The scorpion is severely wounded.
The scorpion barely misses you.
You barely miss the scorpion.
The scorpion is severely wounded.
The scorpion stings you but does no damage.
Press: ? - help, v - describe, . - travel The floor.
Unknown command.
Unknown command.
You sock the scorpion! You burn the scorpion.
You kill the scorpion!
Your Spellcasting skill increases to level 4!
Your Invocations skill increases to level 3!
You start resting.
Magic restored.
You start resting.
HP restored.
You climb downwards.
You hear the hiss of flowing sand.
There is an entrance to an ossuary on this level.
Hurry and find it before the portal is buried!
You hear the slow hiss of a distant avalanche of sand.
The adder barely misses you.
The ogre hits you with a +0 giant club!!
Ouch! That really hurt!
The adder barely misses you.
There is a stone staircase leading up, spattered with blood here.
Casting: Scorch (safe; 2% risk of failure)
Confirm with . or Enter, or press ? or * to list all spells.
Flames lash the adder.
The adder is severely wounded.
The adder's fire resistance burns away.
The adder bites you but does no damage.
The ogre hits you with a +0 giant club!!
You die...

................
.....(..........
................
................
................
................
♣......O........
♣.....@S......
~...............
...P.$..........
.P.........)....
♣...............
................
................
................


You could see an ogre and an adder (combustible).

Vanquished Creatures
  Grinder (D:3)
  An ogre (D:4)
  2 lemures (D:4)
  2 scorpions (D:4)
  2 vampire bats (D:4)
  Ijyb (D:3)
  An orc wizard (D:3)
  A gnoll (D:1)
  7 adders
  A dart slug (D:3)
  11 orcs
  7 bats
  5 bat skeletons (D:4)
  2 bat zombies (D:4)
  5 endoplasms
  4 giant cockroaches
  7 goblins
  12 hobgoblins
  7 jackals (D:4)
  5 kobolds
  4 quokkas
  8 ball pythons
  2 frilled lizards
  5 rats
103 creatures vanquished.

Notes
Turn   | Place    | Note
-------+----------+-------------------------------------------
     0 | D:1      | Cunctator the Gnoll Cinder Acolyte began the quest for the
                  | Orb.
     0 | D:1      | Reached XP level 1. HP: 23/23 MP: 4/4
   174 | D:1      | Reached XP level 2. HP: 29/29 MP: 5/5
   178 | D:1      | Learned a level 2 spell: Scorch
   741 | D:1      | Reached XP level 3. HP: 27/35 MP: 2/7
   938 | D:2      | Reached skill level 1 in Invocations
   949 | D:2      | Reached skill level 1 in Short Blades
   949 | D:2      | Reached skill level 1 in Long Blades
   949 | D:2      | Reached skill level 1 in Axes
   949 | D:2      | Reached skill level 1 in Polearms
   949 | D:2      | Reached skill level 1 in Staves
   949 | D:2      | Reached skill level 1 in Ranged Weapons
   949 | D:2      | Reached skill level 1 in Throwing
   949 | D:2      | Reached skill level 1 in Armour
   949 | D:2      | Reached skill level 1 in Dodging
   949 | D:2      | Reached skill level 1 in Stealth
   949 | D:2      | Reached skill level 1 in Shields
   949 | D:2      | Reached skill level 1 in Unarmed Combat
   949 | D:2      | Reached skill level 1 in Evocations
   957 | D:2      | Reached skill level 1 in Shapeshifting
   957 | D:2      | Reached XP level 4. HP: 26/41 MP: 2/8
  1044 | D:2      | Found a glowing silver altar of Zin.
  1227 | D:2      | Reached skill level 1 in Conjurations
  1227 | D:2      | Reached skill level 1 in Hexes
  1227 | D:2      | Reached skill level 1 in Summonings
  1227 | D:2      | Reached skill level 1 in Necromancy
  1227 | D:2      | Reached skill level 1 in Translocations
  1227 | D:2      | Reached skill level 1 in Ice Magic
  1227 | D:2      | Reached skill level 1 in Air Magic
  1227 | D:2      | Reached skill level 1 in Earth Magic
  1227 | D:2      | Reached skill level 1 in Alchemy
  1752 | D:3      | Noticed Grinder
  1765 | D:3      | Paralysed by Grinder for 2 turns
  2036 | D:3      | Found Tuarath's General Store.
  2054 | D:3      | Killed Grinder
  2055 | D:3      | Reached XP level 5. HP: 44/47 MP: 1/10
  2055 | D:3      | Reached XP level 6. HP: 50/53 MP: 1/11
  2216 | D:3      | Bought a scroll of identify for 24 gold pieces
  2265 | D:3      | Noticed Ijyb
  2279 | D:3      | Killed Ijyb
  2961 | D:4      | Found a staircase to the Ecumenical Temple.
  2986 | D:4      | Noticed Pikel
  3202 | D:4      | Found an ancient bone altar of Kikubaaqudgha.
  3208 | D:4      | Reached XP level 7. HP: 60/60 MP: 12/12
  3498 | D:4      | Found a hazy altar of Hepliaklqana.
  3751 | D:5      | Entered Level 5 of the Dungeon
  3895 | D:5      | Slain by an ogre

Illustrated notes

Levels and vault maps discovered:
D:1:      matt_arrival_refuge, layout_basic
D:2:      layout_rooms, basic_altar, minmay_misc_feat_rows, minmay_surrounded
D:3:      layout_loops_ring, serial_shops, nicolae_shop_stone, uniq_grinder,
          uniq_ijyb
D:4:      minmay_inner_zag, layout_layer_cave, nzn_hepliaklqana_mist_gate,
          kennysheep_vampire_church, minmay_temple_entry_trees,
          serial_bayou_lagoon_a, uniq_pikel
D:5:      layout_basic, serial_bayou, serial_bayou_pond_d, serial_bayou_shore_b,
          serial_bayou_shore_b, serial_bayou_pond_a, gup_ossuary_entry_pyramid

Skill      XL: |  1  2  3  4  5  6  7 |
---------------+----------------------+-----
Invocations    | 1 2 3 |  3.0
Short Blades   | 1 2 |  2.7
Long Blades    | 1 2 |  2.7
Axes           | 1 2 |  2.7
Polearms       | 1 2 |  2.7
Staves         | 1 2 |  2.7
Ranged Weapons | 1 2 |  2.7
Throwing       | 1 2 |  2.7
Armour         | 1 2 |  2.7
Dodging        | 1 2 |  2.7
Stealth        | 1 2 |  2.7
Shields        | 1 2 |  2.7
Unarmed Combat | 1 2 |  2.7
Evocations     | 1 2 |  2.7
Shapeshifting  | 1 2 |  2.4
Spellcasting   | 3 4 |  4.0
Conjurations   | 1 2 |  2.2
Hexes          | 1 2 |  2.2
Summonings     | 1 2 |  2.2
Necromancy     | 1 2 |  2.2
Translocations | 1 2 |  2.2
Ice Magic      | 1 2 |  2.2
Air Magic      | 1 2 |  2.2
Earth Magic    | 1 2 |  2.2
Alchemy        | 1 2 |  2.2
Fighting       | 7 |  7.1
Maces & Flails | 7 |  7.1
Fire Magic     | |  5.9

Action                     |  1- 3 |  4- 6 |  7- 9 || total
---------------------------+-------+-------+-------++-------
  Melee: Mace              |    46 |   154 |    22 ||   222
         Bite              |       |    16 |     1 ||    17
         Punch             |       |     3 |       ||     3
   Cast: Scorch            |    15 |    38 |    17 ||    70
    Use: Scroll            |       |     2 |       ||     2
   Stab: Sleeping          |       |     1 |     1 ||     2
         Distracted        |       |     1 |       ||     1
 Armour: Robe              |    29 |   128 |    27 ||   184
  Dodge: Dodged            |    35 |   142 |    28 ||   205

Table legend: (Time is in decaauts)
 A = Elapsed time spent in this place.
 B = Non-inter-level travel time spent in this place.
 C = Inter-level travel time spent in this place.
 D = Time resting spent in this place.
 E = Time spent auto-exploring this place.
 F = Levels seen in this place.
 G = Mean time per level.
                   A        B        C        D        E       F      G
               +--------+--------+--------+--------+--------+-----+--------+
         Total |   3910 |   3709 |    201 |    601 |   2351 |   5 |  782.0 |
       Dungeon |   3910 |   3709 |    201 |    601 |   2351 |   5 |  782.0 |
               +--------+--------+--------+--------+--------+-----+--------+

Top non-repeatable levels by time:
     D:3: 1299 daAuts
     D:4: 935 daAuts
     D:1: 908 daAuts
     D:2: 759 daAuts
     D:5: 8 daAuts
